 Dungeon Crawl Stone Soup version 0.29.0-4-gdea44cf6ec (webtiles) character file.

Game seed: 13400794063922550862

276 qw the Chopper (level 6, 0/51 HPs)
             Began as a Minotaur Fighter on Sept 5, 2022.
             Succumbed to a scorpion's poison
             ... on level 3 of the Dungeon.
             The game lasted 00:00:58 (2703 turns).

qw the Chopper (Minotaur Fighter)                   Turns: 2703, Time: 00:00:58

Health: 0/51       AC:  8    Str: 22    XL:     6   Next: 4%
Magic:  5/5        EV:  9    Int:  5    God:
Gold:   153        SH:  4    Dex:  8    Spells: 5/5 levels left

rFire   . . .      SeeInvis .   Y - +1 war axe
rCold   . . .      Faith    .   c - +0 buckler
rNeg    . . .      Spirit   .   b - +0 scale mail
rPois   .          Reflect  .   (helmet restricted)
rElec   .          Harm     .   (no cloak)
rCorr   .          Rampage  .   (no gloves)
Will    .....                   (no boots)
Stlth   ..........              (no amulet)
HPRegen 0.17/turn               (no ring)
MPRegen 0.09/turn               (no ring)

@: lethally poisoned (0 -> -15), about to teleport
A: horns 2, retaliatory headbutt, iridescent scales 1, clumsy 1, screaming 1
a: no special abilities


You were on level 3 of the Dungeon.
You visited 1 branch of the dungeon, and saw 3 of its levels.

You collected 153 gold pieces.


Innate Abilities, Weirdness & Mutations

You have a pair of horns on your head.
You reflexively headbutt those who attack you in melee.
You are partially covered in iridescent scales. (AC +2)
You are clumsy. (Dex -2)
You occasionally shout uncontrollably at your foes.


   Skills:
 + Level 3.6 Fighting
 - Level 7.4 Axes
 - Level 3.6 Armour
 - Level 1.6 Dodging
 - Level 3.6 Shields


You had 5 spell levels left.
You didn't know any spells.
Your spell library was empty.

Inventory:

Hand Weapons
 e - a +0 flail of protection
 Y - a +1 war axe (weapon)
Missiles
 g - 6 boomerangs (quivered)
Armour
 b - a +0 scale mail (worn)
 c - a +0 buckler (worn)
 f - a +0 plate armour
Scrolls
 a - 3 scrolls of identify
 h - a scroll of acquirement {unknown}
 j - a scroll of teleportation
Potions
 d - 2 potions of might
 i - a potion of degeneration {unknown}
 k - a potion of mutation

Dungeon Overview and Level Annotations

Branches:
Dungeon (3/15)

Altars:

Shops:
D:2 (


Message History

Press: ? - help, Q - select action Shift-Dir - straight line, f/p - scorpion You throw a boomerang.
The boomerang hits the scorpion but does no damage.
You closely miss the scorpion. The scorpion stings you.
You are poisoned.
The scorpion poisons you! The scorpion stings you.
You are more poisoned.
The scorpion poisons you!
You hit the scorpion. You headbutt the scorpion.
The scorpion is heavily wounded.
You feel extremely sick. The scorpion stings you.
You barely miss the scorpion. You headbutt the scorpion.
The scorpion is severely wounded.
You feel very sick. The scorpion closely misses you. x2
You closely miss the scorpion. Your headbutt misses the scorpion.
The scorpion is severely wounded.
You feel very sick. The scorpion stings you.
You barely miss the scorpion.
The scorpion is severely wounded.
You feel very sick. The scorpion misses you.
2701 ||| READING 2 scrolls of teleportation.
As you read the scroll of teleportation, it crumbles to dust.
You feel strangely unstable.
You feel sick. The scorpion stings you.
You are lethally poisoned!
The scorpion poisons you!
You closely miss the scorpion.
The scorpion is severely wounded.
You feel very sick.
The scorpion stings you but does no damage.
The scorpion misses you. You furiously retaliate!
You headbutt the scorpion!
You kill the scorpion!
Your Axes skill increases to level 7!
You have reached level 6!
There is a lethal amount of poison in your body!
You die...

...#...# #.......#..............
...#...####.........#............
...#...##..........##............
...#....#.#........# ...
#..#......#.......######
.......##.#.###........#
####%..##.####.........#
.......................#
####...##..##.##@......#
#............>##.......#
#...........#.##.......#
#...........#.##.......#
#...........#.##.......#
#...........#.##.......#
....#########.##.......# ###.#
#.##.......# #.#


There were no monsters in sight!

Vanquished Creatures
  A scorpion (D:3)
  2 orc priests (D:3)
  An iguana (D:3)
  2 orc wizards (D:3)
  A gnoll (D:2)
  2 adders (D:3)
  A dart slug (D:2)
  A worm (D:2)
  8 orcs (D:3)
  5 endoplasms
  3 giant cockroaches
  4 goblins
  A hobgoblin (D:3)
  4 jackals (D:2)
  A quokka (D:3)
  3 ball pythons
  4 bats
  A frilled lizard (D:3)
  4 kobolds
  A rat (D:3)
50 creatures vanquished.

Notes
Turn   | Place    | Note
-------+----------+-------------------------------------------
     0 | D:1      | qw the Minotaur Fighter began the quest for the Orb.
     0 | D:1      | Reached XP level 1. HP: 19/19 MP: 0/0
     0 | D:1      | 0 ||| qw: Version: 0.1-a-104-g96f76f8
     0 | D:1      | 0 ||| qw: Game counter: 5955
     0 | D:1      | 0 ||| qw: Always use a shield: true
     0 | D:1      | 0 ||| qw: God list: Ru
     0 | D:1      | 0 ||| qw: Allow faded altars: false
     0 | D:1      | 0 ||| qw: Do Orc after D:15 true
     0 | D:1      | 0 ||| qw: Do second Lair branch before Depths: true
     0 | D:1      | 0 ||| qw: Lair rune preference: random
     0 | D:1      | 0 ||| qw: Plans: Normal
     0 | D:1      | 0 ||| PLANNING D:1-11
   272 | D:1      | Reached skill level 3 in Axes
   494 | D:1      | Found a faded altar of an unknown god.
   700 | D:1      | 700 ||| DROPPING orb of mayhem.
   701 | D:1      | 701 ||| DROPPING +6 ring of intelligence.
   702 | D:1      | 702 ||| READING 3 scrolls labelled WIAR ISUOZI.
   703 | D:1      | 703 ||| READING 2 scrolls labelled VARHOUMIRU.
   706 | D:1      | 706 ||| DRINKING 2 sedimented orange potions.
   706 | D:1      | Gained mutation: You have hidden genetic defects. [potion
                  | of mutation]
   706 | D:1      | Gained mutation: You are partially covered in iridescent
                  | scales. (AC +2) [potion of mutation]
   707 | D:1      | 707 ||| READING 2 scrolls of identify.
   707 | D:1      | 707 ||| IDENTIFYING white potion
   708 | D:1      | 708 ||| DROPPING potion of flight.
   743 | D:2      | Reached XP level 2. HP: 26/26 MP: 1/1
   745 | D:2      | 745 ||| Stepping ~*~*~tactically~*~*~ (hiding).
   761 | D:2      | Gained mutation: You occasionally shout uncontrollably at
                  | your foes. [hidden defects]
   980 | D:2      | Reached skill level 4 in Axes
  1083 | D:2      | 1083 ||| Stepping ~*~*~tactically~*~*~ (stealth).
  1094 | D:2      | Reached XP level 3. HP: 28/31 MP: 2/2
  1101 | D:2      | Gained mutation: You are clumsy. (Dex -2) [hidden defects]
  1101 | D:2      | Lost mutation: You have hidden genetic defects. [hidden
                  | defects expressed]
  1125 | D:2      | Found Sodadi's Weapon Emporium.
  1139 | D:2      | 1139 ||| Stepping ~*~*~tactically~*~*~ (hiding).
  1560 | D:2      | 1560 ||| READING scroll labelled LARGHA KABAHA.
  1561 | D:2      | 1561 ||| READING scroll labelled SUPOUDA QOJOEL.
  1562 | D:2      | 1562 ||| READING scroll labelled KODOCA DU QOSARO.
  1563 | D:2      | 1563 ||| READING scroll labelled MYBYUR ESODE.
  1564 | D:2      | 1564 ||| READING 5 scrolls of identify.
  1564 | D:2      | 1564 ||| IDENTIFYING metallic coppery potion
  1565 | D:2      | 1565 ||| READING 4 scrolls of identify.
  1565 | D:2      | 1565 ||| IDENTIFYING viscous blue potion
  1566 | D:2      | 1566 ||| DROPPING potion of lignification.
  1688 | D:3      | 1688 ||| Stepping ~*~*~tactically~*~*~ (stealth).
  1691 | D:3      | 1691 ||| Stepping ~*~*~tactically~*~*~ (hiding).
  1692 | D:3      | 1692 ||| Stepping ~*~*~tactically~*~*~ (stealth).
  1698 | D:3      | Reached skill level 5 in Axes
  1951 | D:3      | 1951 ||| Stepping ~*~*~tactically~*~*~ (hiding).
  1959 | D:3      | Reached XP level 4. HP: 39/39 MP: 3/3
  1962 | D:3      | 1962 ||| Stepping ~*~*~tactically~*~*~ (hiding).
  1976 | D:3      | Reached skill level 6 in Axes
  2108 | D:3      | Reached XP level 5. HP: 45/45 MP: 4/4
  2131 | D:3      | HP: 8/45 [iguana (8)]
  2132 | D:3      | 2132 ||| DRINKING potion of heal wounds.
  2135 | D:3      | Reached skill level 1 in Dodging
  2347 | D:3      | 2347 ||| DROPPING +0 club.
  2350 | D:3      | 2350 ||| DROPPING +0 whip.
  2700 | D:3      | HP: 11/45 [poisoned by a scorpion]
  2701 | D:3      | 2701 ||| READING 2 scrolls of teleportation.
  2702 | D:3      | HP: 4/45 [poisoned by a scorpion]
  2703 | D:3      | Reached skill level 7 in Axes
  2703 | D:3      | Reached XP level 6. HP: 4/51 MP: 5/5
  2703 | D:3      | Succumbed to a scorpion's poison

Levels and vault maps discovered:
D:1:      dpeg_arrival_more_subterranean_lakeside_camping, layout_basic,
          ebering_ecumenical_altar_petrified, nrook_campfire
D:2:      layout_basic, serial_shops, shop
D:3:      layout_basic, minmay_vboxes

Skill      XL: |  1  2  3  4  5 |
---------------+----------------+-----
Axes           | 3 4 5 6 7 |  7.4
Dodging        | 1 |  1.6
Fighting       | |  3.6
Armour         | |  3.6
Shields        | |  3.6

Action                   |  1- 3 |  4- 6 || total
-------------------------+-------+-------++-------
Melee: War axe           |    55 |    66 ||   121
       Headbutt          |    11 |     7 ||    18
Throw: Boomerang         |       |    18 ||    18
  Use: Scroll            |     9 |     1 ||    10
       Potion            |     1 |     1 ||     2
Armor: Scale mail        |    24 |    36 ||    60
Dodge: Dodged            |    12 |    33 ||    45
Block: Buckler           |     7 |    13 ||    20

Table legend:
 A = Non-vault XP
 B = Vault XP
 C = Vault XP percentage of total XP
 D = Non-vault monster count
 E = Vault monster count
 F = Vault count percentage of total count
                 A         B        C        D         E       F
            +---------+---------+-------+---------+---------+-------
      Total |     342 |      53 |  13.4 |      46 |       4 |   8.0
            +---------+---------+-------+---------+---------+-------
        D:1 |      11 |       0 |   0.0 |       7 |       0 |   0.0
        D:2 |      37 |       0 |   0.0 |      11 |       0 |   0.0
        D:3 |     294 |      53 |  15.3 |      28 |       4 |  12.5
            +---------+---------+-------+---------+---------+-------
